PIO (24 & UNDER)
CHULA VISTA TACOS @ SASKATOON SMOKIN' GUNS
06/08/2024
 
TOP OF THE 1ST
Chula Vista Tacos batting - Pitching for Saskatoon Smokin' Guns : RHP William Bryan
Pitching: RHP William Bryan
Batting: RHB Ricardo Guzmán 0-0: Ball
1-0: Ball
2-0: Called Strike
2-1: Ball
3-1: Base on Balls
Batting: LHB Alberto Santos 0-0: Called Strike
0-1: Foul Ball, location: 2F
0-2: Strikes out looking
Batting: RHB Griswold Coleman 0-0: Called Strike
0-1: Ball
1-1: Ball
2-1: Swinging Strike
2-2: Ball
3-2: Foul Ball, location: 2F
3-2: Ground out 2-3 (Groundball, 23)
Ricardo Guzmán to second
Batting: LHB Ray Bryant 0-0: Called Strike
0-1: Ball
1-1: Foul Ball, location: 2F
1-2: Ball
2-2: Strikes out looking
Top of the 1st over - 0 run(s), 0 hit(s), 0 error(s), 1 left on base; Chula Vista 0 - Saskatoon 0
BOTTOM OF THE 1ST
Saskatoon Smokin' Guns batting - Pitching for Chula Vista Tacos : LHP Rafael Alemán
Pitching: LHP Rafael Alemán
Batting: RHB César Rodríguez 0-0: SINGLE (Line Drive, 89S)
Batting: RHB Jason O'Toole 0-0: Called Strike
0-1: Ball
1-1: SINGLE (Groundball, 6)
César Rodríguez to second
Pitching: RHP José Rangel
Batting: RHB Tom Rowe 0-0: Foul Ball, location: 2F
0-1: Ball
1-1: Called Strike
1-2: Ball
2-2: Foul Ball, location: 2F
2-2: Foul Ball, location: 2F
2-2: Ball
3-2: SINGLE (Groundball, 34)
César Rodríguez to third
Jason O'Toole to second
Batting: RHB Eric Neal 0-0: Fly out, F8 (Flyball, 8LM)
Runner from 3rd tags up, SCORES, no throw
Batting: LHB Russell Peck 0-0: Fly out, F6 (Popup, 5D)
Batting: RHB Chris Richards 0-0: Ball
1-0: Fly out, F9 (Flyball, 89M)
Bottom of the 1st over - 1 run(s), 3 hit(s), 0 error(s), 2 left on base; Chula Vista 0 - Saskatoon 1
TOP OF THE 2ND
Chula Vista Tacos batting - Pitching for Saskatoon Smokin' Guns : RHP William Bryan
Batting: RHB Doug Brown 0-0: SINGLE (Groundball, 4D)
Batting: RHB Fred Ameris 0-0: Ball
1-0: Called Strike
1-1: Called Strike
1-2: Strikes out looking
Batting: LHB Jaime Icaza 0-0: Ball
1-0: Ball
2-0: Called Strike
2-1: Ball
3-1: Base on Balls
Doug Brown to second
Batting: RHB Ryan Cates 0-0: Ball
1-0: Ball
2-0: Foul Ball, location: 2F
2-1: Called Strike
2-2: Ball
3-2: Base on Balls
Doug Brown to third
Jaime Icaza to second
Batting: SHB Michael Aisher 0-0: Swinging Strike
0-1: Called Strike
0-2: Strikes out swinging
Batting: RHB Ricardo Guzmán 0-0: Ball
1-0: Ball
2-0: Ball
3-0: Base on Balls
Doug Brown scores
Jaime Icaza to third
Ryan Cates to second
Batting: LHB Alberto Santos 0-0: Ground out U3 (Groundball, 3)
Top of the 2nd over - 1 run(s), 1 hit(s), 0 error(s), 3 left on base; Chula Vista 1 - Saskatoon 1
BOTTOM OF THE 2ND
Saskatoon Smokin' Guns batting - Pitching for Chula Vista Tacos : RHP José Rangel
Batting: LHB Raúl Casillán 0-0: Fly out, F7 (Popup, 78S)
Batting: RHB Alvin Hampton 0-0: Called Strike
0-1: Ball
1-1: Fly out, F8 (Line Drive, 8LM)
Batting: LHB Bo Rush 0-0: Hit by Pitch
Batting: RHB César Rodríguez 0-0: Called Strike
0-1: Ball
1-1: Ball
Wild Pitch!
Bo Rush to second
2-1: Swinging Strike
2-2: Reached on error, E6 (Groundball, 6M)
Bo Rush to third
Batting: RHB Jason O'Toole 0-0: Ball
1-0: Ball
2-0: Called Strike
2-1: Called Strike
2-2: Ball
3-2: SINGLE (Groundball, 6MD)
Bo Rush scores
César Rodríguez to second
César Rodríguez to third
Batting: RHB Tom Rowe 0-0: Called Strike
0-1: Ball
1-1: Ball
2-1: SINGLE (Groundball, 4MD)
César Rodríguez scores
Jason O'Toole to second
Runner from 2nd tries for 3rd, SAFE, no throw or cutoff
Batting: RHB Eric Neal 0-0: Ball
1-0: Called Strike
1-1: Ball
2-1: Fly out, F9 (Flyball, 9D)
Bottom of the 2nd over - 2 run(s), 2 hit(s), 1 error(s), 2 left on base; Chula Vista 1 - Saskatoon 3
TOP OF THE 3RD
Chula Vista Tacos batting - Pitching for Saskatoon Smokin' Guns : RHP William Bryan
Batting: RHB Griswold Coleman 0-0: Called Strike
0-1: Ground out 5-3 (Groundball, 56)
Batting: LHB Ray Bryant 0-0: Called Strike
0-1: Ground out 1-3 (Groundball, 15)
Batting: RHB Doug Brown 0-0: Ball
1-0: Foul Ball, location: 2F
1-1: Swinging Strike
1-2: Ball
2-2: Strikes out looking
Top of the 3rd over - 0 run(s), 0 hit(s), 0 error(s), 0 left on base; Chula Vista 1 - Saskatoon 3
BOTTOM OF THE 3RD
Saskatoon Smokin' Guns batting - Pitching for Chula Vista Tacos : RHP José Rangel
Batting: LHB Russell Peck 0-0: Ball
1-0: Ball
2-0: Foul Ball, location: 2F
2-1: SINGLE (Groundball, 5D)
Batting: RHB Chris Richards 0-0: Ball
1-0: Ball
2-0: Called Strike
2-1: Called Strike
2-2: Foul Ball, location: 2F
2-2: Ball
3-2: Strikes out looking
Batting: LHB Raúl Casillán 0-0: Called Strike
0-1: Swinging Strike
0-2: Foul Ball, location: 2F
0-2: Ball
1-2: Ball
2-2: Ball
3-2: Strikes out looking
Russell Peck is caught stealing 2nd base
Batter strikes out.
Bottom of the 3rd over - 0 run(s), 1 hit(s), 0 error(s), 0 left on base; Chula Vista 1 - Saskatoon 3
TOP OF THE 4TH
Chula Vista Tacos batting - Pitching for Saskatoon Smokin' Guns : RHP William Bryan
Batting: RHB Fred Ameris 0-0: Called Strike
0-1: Ball
1-1: Ball
2-1: Ball
3-1: Swinging Strike
3-2: Base on Balls
Batting: LHB Jaime Icaza 0-0: Called Strike
Fred Ameris steals 2nd base
0-1: Ground out 4-3 (Groundball, 4M)
Fred Ameris to third
Batting: RHB Ryan Cates 0-0: Called Strike
0-1: Swinging Strike
0-2: Foul Ball, location: 2F
0-2: Ball
1-2: Ball
2-2: Strikes out swinging
Batting: SHB Michael Aisher 0-0: Hit by Pitch
Batting: RHB Ricardo Guzmán 0-0: Fly out, F8 (Flyball, 8LM)
Top of the 4th over - 0 run(s), 0 hit(s), 0 error(s), 2 left on base; Chula Vista 1 - Saskatoon 3
BOTTOM OF THE 4TH
Saskatoon Smokin' Guns batting - Pitching for Chula Vista Tacos : RHP José Rangel
Batting: RHB Alvin Hampton 0-0: Called Strike
0-1: SINGLE (Flyball, 9LS)
Batting: LHB Bo Rush 0-0: Hit by Pitch
Alvin Hampton to second
Batting: RHB César Rodríguez 0-0: Ball
1-0: Called Strike
1-1: Foul Ball, location: 2F
1-2: Ball
2-2: Fly out, F7 (Line Drive, 7M)
Batting: RHB Jason O'Toole 0-0: Swinging Strike
0-1: Foul Ball, location: 2F
0-2: Strikes out swinging
Batting: RHB Tom Rowe 0-0: SINGLE (Line Drive, 4D)
Alvin Hampton to third
Bo Rush to second
Batting: RHB Eric Neal 0-0: Fly out, F8 (Flyball, 8RM)
Bottom of the 4th over - 0 run(s), 2 hit(s), 0 error(s), 3 left on base; Chula Vista 1 - Saskatoon 3
TOP OF THE 5TH
Chula Vista Tacos batting - Pitching for Saskatoon Smokin' Guns : RHP William Bryan
Batting: LHB Alberto Santos 0-0: Ball
1-0: Hit by Pitch
Batting: RHB Griswold Coleman 0-0: Called Strike
0-1: Called Strike
0-2: Ball
1-2: Ball
Alberto Santos is caught stealing 2nd base
2-2: Ball
3-2: Base on Balls
Batting: LHB Ray Bryant 0-0: Ball
1-0: Ball
2-0: Called Strike
2-1: Ball
3-1: SINGLE (Groundball, 25) (infield hit)
Griswold Coleman to second
Pinch Runner at 2nd Manny Torrez:
Batting: RHB Doug Brown 0-0: Ball
1-0: Fly out, F8 (Flyball, 8LM)
Batting: RHB Fred Ameris 0-0: Foul Ball, location: 2F
0-1: Swinging Strike
0-2: Strikes out swinging
Top of the 5th over - 0 run(s), 1 hit(s), 0 error(s), 2 left on base; Chula Vista 1 - Saskatoon 3
BOTTOM OF THE 5TH
Saskatoon Smokin' Guns batting - Pitching for Chula Vista Tacos : RHP José Rangel
Now at 2B: Cedric Price
Batting: LHB Russell Peck 0-0: SINGLE (Line Drive, 7S)
Batting: RHB Chris Richards 0-0: Ball
1-0: Swinging Strike
1-1: Foul Ball, location: 2F
1-2: Ground out 6-3 (Groundball, 6MS)
Russell Peck to second
Batting: LHB Raúl Casillán 0-0: Called Strike
0-1: Ball
1-1: Ball
2-1: Foul Ball, location: 2F
2-2: Foul Ball, location: 2F
2-2: Ball
3-2: 2-RUN HOME RUN (Flyball, 8RXD) (Inside the Park)
Pitching: RHP Sixto Aguilar
Batting: RHB Alvin Hampton 0-0: Called Strike
0-1: Ground out 6-3 (Groundball, 6)
Batting: LHB Bo Rush 0-0: SINGLE (Line Drive, 89S)
Batting: RHB César Rodríguez 0-0: Ball
1-0: SINGLE (Flyball, 78S)
Bo Rush to second
Batting: RHB Jason O'Toole 0-0: Ball
1-0: Called Strike
1-1: Foul Ball, location: 2F
1-2: Strikes out looking
Bottom of the 5th over - 2 run(s), 4 hit(s), 0 error(s), 2 left on base; Chula Vista 1 - Saskatoon 5
TOP OF THE 6TH
Chula Vista Tacos batting - Pitching for Saskatoon Smokin' Guns : RHP William Bryan
Pitching: RHP Dan Handy
Batting: LHB Jaime Icaza 0-0: Ball
1-0: Foul Ball, location: 2F
1-1: Foul Ball, location: 2F
1-2: Strikes out swinging
Batting: RHB Ryan Cates 0-0: Ball
1-0: Ball
2-0: SINGLE (Flyball, 8LS)
Batting: SHB Michael Aisher 0-0: Foul Ball, location: 2F
0-1: Swinging Strike
0-2: Strikes out looking
Batting: RHB Ricardo Guzmán 0-0: Called Strike
0-1: Swinging Strike
0-2: Ball
1-2: Ball
2-2: Foul Ball, location: 2F
2-2: Strikes out swinging
Top of the 6th over - 0 run(s), 1 hit(s), 0 error(s), 1 left on base; Chula Vista 1 - Saskatoon 5
BOTTOM OF THE 6TH
Saskatoon Smokin' Guns batting - Pitching for Chula Vista Tacos : RHP Sixto Aguilar
Batting: RHB Tom Rowe 0-0: Ball
1-0: Called Strike
1-1: Ball
2-1: Foul Ball, location: 2F
2-2: Ball
3-2: Foul Ball, location: 2F
3-2: Base on Balls
Batting: RHB Eric Neal 0-0: DOUBLE (Flyball, 78M)
Tom Rowe to third
Runner from 3rd tries for Home, SAFE, no throw or cutoff
Batting: LHB Russell Peck 0-0: Ball
1-0: Ball
2-0: Foul Ball, location: 2F
2-1: Called Strike
2-2: Fly out, F5 (Popup, 56S)
Batting: RHB Chris Richards 0-0: DOUBLE (Flyball, 89D)
Eric Neal scores
Batting: LHB Raúl Casillán 0-0: Ball
1-0: Called Strike
1-1: Ball
2-1: Foul Ball, location: 2F
2-2: Ball
3-2: Base on Balls
Batting: RHB Alvin Hampton 0-0: Swinging Strike
0-1: Called Strike
0-2: Ball
Wild Pitch!
Chris Richards to third
Raúl Casillán to second
1-2: Ball
Wild Pitch!
Chris Richards scores
Raúl Casillán to third
2-2: Ground out 4-3 (Groundball, 4M)
Raúl Casillán scores
Pitching: RHP Gabriel García
Batting: LHB Bo Rush 0-0: Called Strike
0-1: Called Strike
0-2: Strikes out swinging
Bottom of the 6th over - 4 run(s), 2 hit(s), 0 error(s), 0 left on base; Chula Vista 1 - Saskatoon 9
TOP OF THE 7TH
Chula Vista Tacos batting - Pitching for Saskatoon Smokin' Guns : RHP Dan Handy
Batting: LHB Alberto Santos 0-0: Ball
1-0: Called Strike
1-1: Foul Ball, location: 2F
1-2: Ball
2-2: Strikes out swinging
Batting: RHB Cedric Price 0-0: Ball
1-0: Foul Ball, location: 2F
1-1: Ball
2-1: Foul Ball, location: 2F
2-2: Strikes out swinging
Batting: LHB Ray Bryant 0-0: Ball
1-0: Ground out 4-3 (Groundball, 4S)
Top of the 7th over - 0 run(s), 0 hit(s), 0 error(s), 0 left on base; Chula Vista 1 - Saskatoon 9
BOTTOM OF THE 7TH
Saskatoon Smokin' Guns batting - Pitching for Chula Vista Tacos : RHP Gabriel García
Batting: RHB César Rodríguez 0-0: Fly out, F6 (Line Drive, 6M)
Batting: RHB Jason O'Toole 0-0: Ball
1-0: Foul Ball, location: 2F
1-1: DOUBLE (Line Drive, 8LM)
Batting: RHB Tom Rowe 0-0: Ball
Jason O'Toole is caught stealing 3rd base
1-0: Ball
2-0: Fly out, F8 (Flyball, 8RM)
Bottom of the 7th over - 0 run(s), 1 hit(s), 0 error(s), 0 left on base; Chula Vista 1 - Saskatoon 9
TOP OF THE 8TH
Chula Vista Tacos batting - Pitching for Saskatoon Smokin' Guns : RHP Dan Handy
Pitching: LHP Macy Catron
Batting: RHB Doug Brown 0-0: Foul Ball, location: 2F
0-1: Fly out, F9 (Flyball, 9M)
Batting: RHB Fred Ameris 0-0: Ball
1-0: Ball
2-0: Called Strike
2-1: Foul Ball, location: 2F
2-2: Ball
3-2: SOLO HOME RUN (Flyball, 78XD), Distance : 458 ft
Batting: LHB Jaime Icaza 0-0: Ball
1-0: Fly out, F8 (Line Drive, 8LM)
Batting: RHB Ryan Cates 0-0: Ball
1-0: Foul Ball, location: 2F
1-1: Ball
2-1: Swinging Strike
2-2: Strikes out looking
Top of the 8th over - 1 run(s), 1 hit(s), 0 error(s), 0 left on base; Chula Vista 2 - Saskatoon 9
BOTTOM OF THE 8TH
Saskatoon Smokin' Guns batting - Pitching for Chula Vista Tacos : RHP Gabriel García
Batting: RHB Eric Neal 0-0: Ball
1-0: Ball
2-0: Foul Ball, location: 2F
2-1: DOUBLE (Flyball, 8LD)
Batting: LHB Russell Peck 0-0: SINGLE (Groundball, 4MD)
Eric Neal to third
Batting: RHB Chris Richards 0-0: Called Strike
0-1: Ball
1-1: Called Strike
1-2: Ball
2-2: Foul Ball, location: 2F
2-2: Foul Ball, location: 2F
2-2: Fielders Choice at 2nd, 6-4 (Groundball, 6)
Eric Neal scores
Batting: LHB Raúl Casillán 0-0: Fielders Choice at 2nd, 2-6 (Groundball, 2R)
Batting: RHB Alvin Hampton 0-0: Called Strike
0-1: Ball
1-1: Called Strike
1-2: Ground out 5-3 (Groundball, 5)
Bottom of the 8th over - 1 run(s), 2 hit(s), 0 error(s), 1 left on base; Chula Vista 2 - Saskatoon 10
TOP OF THE 9TH
Chula Vista Tacos batting - Pitching for Saskatoon Smokin' Guns : LHP Macy Catron
Batting: SHB Michael Aisher 0-0: SINGLE (Groundball, 5L)
Batting: RHB Ricardo Guzmán 0-0: Fielders Choice at 2nd, 1-6 (Groundball, 23)
Batting: LHB Alberto Santos 0-0: Swinging Strike
0-1: Foul Ball, location: 2F
0-2: Fielders Choice at 2nd, 3-6 (Groundball, 3)
Batting: RHB Cedric Price 0-0: Swinging Strike
0-1: Swinging Strike
0-2: Foul Ball, location: 2F
0-2: Strikes out looking
Top of the 9th over - 0 run(s), 1 hit(s), 0 error(s), 1 left on base; Chula Vista 2 - Saskatoon 10
This league is powered by Out of the Park Baseball, the baseball management simulation game for PC, Mac and Linux
Saturday, April 9th, 2016 - OOTP Baseball 16.8 Build 38